Map: Rhoskallian LE

Players

deama

  • Race: Terran Terran
  • Spawn Location: 6:00

qoqo

  • Race: Protoss Protoss
  • Spawn Location: 5:00

qqq - Winner!

  • Race: Protoss Protoss
  • Spawn Location: 11:00

Massa - Winner!

  • Race: Terran Terran
  • League: Platinum
  • Spawn Location: 12:00

VOD

Have the link to the VOD?

Description

Time

  • Played on: Oct. 30, 2020, 5:31 p.m.
  • Length: 10:54
Show
View Real Time Build Order
Export as new Build Order

deama Terran 

Build Orders:  

Get SALT Encoding   

  12  0:00  SCV  
  13  0:17  Supply Depot  
  13  0:18  SCV  
  14  0:30  SCV  
  15  0:40  Barracks  
  15  0:42  SCV  
  16  0:54  SCV  
  17  0:57  Refinery  
  17  1:34  Marine  
  17  1:37  Orbital Command  
  18  1:52  Marine  
  19  2:10  Marine  
  20  2:25  Factory  
  20  2:28  Marine  
  19  2:45  SCV  
  19  2:46  Marine  
  21  2:57  SCV  
  22  3:04  Marine  
  23  3:12  Factory Tech Lab, Supply Depot  
  23  3:17  SCV  
  23  3:19  Supply Depot  
  24  3:24  Starport  
  24  3:30  SCV  
  24  3:33  Widow Mine  
  27  3:42  SCV  
  28  3:52  Refinery  
  28  3:54  SCV  
  29  4:02  Starport Tech Lab  
  29  4:06  SCV  
  29  4:07  Siege Tank  
  33  4:18  SCV  
  34  4:29  Engineering Bay  
  34  4:30  SCV  
  35  4:41  Command Center  
  35  4:42  SCV  
  36  4:49  Liberator  
  39  4:57  Missile Turret  
  39  5:04  SCV  
  40  5:13  Supply Depot  
  40  5:17  Siege Tank  
  43  5:21  SCV  
  44  5:32  Liberator  
  47  5:45  SCV  
  47  5:48  Supply Depot  
  48  5:52  Orbital Command  
  48  5:57  SCV  
  48  5:58  Supply Depot  
  49  6:14  SCV  
  50  6:23  Orbital Command  
  50  6:26  SCV  
  50  6:28  Medivac  
  50  6:33  Terran Infantry Weapons Level 1  
  50  6:38  SCV  
  51  6:40  Barracks  
  51  6:50  SCV  
  52  6:58  Medivac  
  52  6:59  Missile Turret  
  52  7:00  Missile Turret x2  
  49  7:21  Marine  
  50  7:33  SCV  
  50  7:36  Medivac  
  52  7:40  SCV  
  52  7:43  Barracks Reactor  
  53  7:45  SCV  
  53  7:50  Barracks  
  54  7:52  SCV  
  54  7:55  Marine  
  54  7:57  SCV  
  57  7:59  Siege Tank  
  57  8:04  SCV  
  61  8:08  Medivac  
  61  8:09  SCV  
  64  8:13  Marine  
  64  8:16  SCV  
  64  8:17  Barracks  
  66  8:21  SCV  
  66  8:25  Marine x2  
  69  8:27  Terran Infantry Armor Level 1  
  69  8:28  SCV  
  69  8:29  Engineering Bay  
  69  8:31  Marine  
  69  8:32  Widow Mine  
  73  8:42  Refinery x2  
  73  8:46  Command Center  
  73  8:49  Marine  
  73  8:53  Widow Mine  
  76  9:00  Marine  
  76  9:01  Armory, Marine x2  
  79  9:06  Marine  
  80  9:14  Widow Mine  
  82  9:18  Marine  
  82  9:19  Marine x2  
  82  9:22  Barracks Reactor  
  85  9:24  Marine  
  85  9:27  Command Center  
  86  9:36  Marine  
  86  9:37  Marine x2  
  89  9:42  Marine, Supply Depot  
  89  9:43  Supply Depot  
  89  9:44  Medivac  
  95  9:45  Siege Tank  
  94  9:54  Marine x3  
  97  10:00  Marine  
  97  10:02  Marine x2  
  97  10:05  Orbital Command  
  100  10:12  Marine x3  
  103  10:14  Medivac  
  103  10:18  Marine  
  103  10:20  Marine  
  87  10:30  Marine x4  
  83  10:35  Marine  
Show
View Real Time Build Order
Export as new Build Order

qoqo Protoss 

Build Orders:  

Get SALT Encoding   

  12  0:00  Probe  
  13  0:13  Probe  
  14  0:21  Pylon  
  14  0:29  Probe  
  15  0:41  Gateway  
  15  0:42  Probe  
  16  0:55  Probe, Assimilator  
  17  1:03  Gateway  
  17  1:16  Probe  
  18  1:33  Probe  
  19  1:45  Probe  
  20  1:56  Zealot  
  20  1:57  Probe  
  23  2:24  Cybernetics Core  
  23  2:27  Pylon  
  23  2:45  Probe  
  23  2:49  Zealot, Pylon  
  26  2:58  Probe  
  25  3:10  Probe  
  26  3:22  Probe  
  27  3:30  Assimilator  
  27  3:33  Shield Battery  
  27  3:38  Nexus  
  27  3:40  Warp Gate (Chrono Boost)  
  27  3:53  Pylon  
  27  3:57  Probe  
  28  4:03  Stalker  
  28  4:09  Probe  
  31  4:14  Pylon  
  31  4:19  Forge  
  31  4:21  Probe  
  32  4:25  Stalker  
  34  4:37  Probe  
  35  4:39  Robotics Facility  
  35  4:49  Probe  
  36  4:53  Protoss Ground Weapons Level 1  
  36  5:04  Gateway  
  36  5:05  Gateway  
  36  5:12  Probe  
  36  5:13  Photon Cannon  
  37  5:24  Probe  
  38  5:32  Photon Cannon, Shield Battery  
  38  5:33  Stalker  
  38  5:34  Stalker  
  42  5:36  Probe  
  42  5:42  Observer  
  44  5:43  Probe  
  44  5:48  Probe  
  46  5:56  Twilight Council  
  46  6:01  Gateway  
  46  6:02  Probe  
  47  6:06  Probe  
  47  6:07  Assimilator  
  48  6:14  Probe  
  49  6:18  Probe  
  50  6:26  Probe  
  50  6:30  Probe, Immortal  
  50  6:31  Stalker  
  58  6:35  Blink  
  58  6:39  Probe  
  59  6:43  Probe  
  60  6:51  Probe  
  61  6:55  Probe  
  61  7:01  Photon Cannon  
  60  7:23  Stalker x2  
  60  7:24  Stalker x2  
  60  7:26  Protoss Ground Weapons Level 2  
  68  7:32  Stalker  
  70  7:44  Pylon  
  70  7:46  Assimilator  
  70  7:47  Pylon  
  70  7:50  Pylon  
  70  7:57  Pylon  
  70  8:02  Probe x2  
  72  8:14  Probe x2  
  74  8:26  Probe  
  75  8:27  Probe  
  75  8:28  Stargate  
  75  8:29  Stargate  
  75  8:31  Protoss Air Weapons Level 1  
  75  8:32  Stalker  
  75  8:33  Stalker x3  
  84  8:40  Observer  
  85  8:56  Nexus  
  85  9:03  Gateway  
  85  9:04  Pylon  
  85  9:07  Pylon, Stalker x4  
  93  9:21  Charge (Chrono Boost)  
  93  9:31  Zealot x3  
  99  9:42  Warp Prism  
  101  10:01  Sentry  
  101  10:02  Sentry x3  
Show
View Real Time Build Order
Export as new Build Order

qqq Protoss - Winner!

Build Orders:  

Get SALT Encoding   

  12  0:00  Probe  
  13  0:14  Pylon  
  13  0:18  Probe  
  14  0:32  Forge  
  14  0:37  Probe  
  15  0:49  Probe  
  16  0:56  Pylon  
  16  1:15  Pylon  
  16  1:17  Pylon  
  16  1:18  Pylon  
  16  1:30  Photon Cannon  
  16  1:33  Pylon  
  16  1:49  Photon Cannon  
  16  1:57  Probe  
  16  2:31  Probe  
  16  2:34  Gateway  
  16  2:35  Nexus  
  17  2:43  Probe (Chrono Boost)  
  18  2:49  Assimilator  
  18  2:54  Probe (Chrono Boost)  
  19  2:58  Probe (Chrono Boost)  
  19  3:02  Pylon  
  20  3:07  Assimilator  
  20  3:10  Probe (Chrono Boost)  
  21  3:22  Probe (Chrono Boost)  
  21  3:26  Cybernetics Core  
  22  3:29  Probe (Chrono Boost)  
  23  3:36  Probe  
  24  3:44  Pylon  
  25  3:49  Probe (Chrono Boost)  
  25  3:51  Probe (Chrono Boost)  
  26  4:00  Probe (Chrono Boost)  
  26  4:01  Probe (Chrono Boost)  
  28  4:04  Probe (Chrono Boost)  
  28  4:08  Stargate  
  29  4:19  Probe  
  29  4:20  Photon Cannon  
  30  4:29  Stargate  
  30  4:32  Probe  
  30  4:36  Probe  
  32  4:44  Probe  
  33  4:48  Probe, Shield Battery  
  33  4:52  Assimilator  
  34  4:53  Phoenix  
  34  4:59  Probe (Chrono Boost)  
  37  5:00  Probe (Chrono Boost)  
  37  5:02  Assimilator  
  38  5:11  Probe (Chrono Boost)  
  38  5:13  Probe (Chrono Boost)  
  43  5:16  Probe (Chrono Boost)  
  43  5:17  Phoenix (Chrono Boost)  
  43  5:20  Phoenix (Chrono Boost)  
  43  5:21  Probe  
  46  5:27  Probe  
  47  5:33  Probe  
  48  5:38  Phoenix (Chrono Boost)  
  48  5:39  Probe, Phoenix (Chrono Boost)  
  53  5:45  Probe  
  54  5:52  Pylon  
  54  5:56  Pylon  
  54  5:58  Pylon  
  54  6:10  Phoenix x2  
  58  6:32  Fleet Beacon  
  58  6:35  Phoenix  
  60  6:44  Phoenix  
  58  7:23  Carrier (Chrono Boost)  
  58  7:24  Carrier (Chrono Boost)  
  70  7:50  Nexus  
  70  8:02  Protoss Air Weapons Level 1 (Chrono Boost)  
  70  8:06  Nexus  
  70  8:08  Pylon  
  70  8:11  Pylon  
  70  8:12  Pylon  
  70  8:19  Carrier (Chrono Boost)  
  70  8:21  Nexus  
  70  8:24  Pylon  
  70  8:26  Carrier  
  82  8:27  Pylon  
  82  8:32  Pylon  
  82  8:40  Photon Cannon  
  82  8:43  Photon Cannon  
  82  8:46  Photon Cannon  
  82  8:47  Anion Pulse-Crystals  
  82  9:19  Photon Cannon  
  82  9:21  Photon Cannon  
  82  9:22  Carrier  
  88  9:25  Photon Cannon  
  88  9:30  Tempest, Probe  
  88  9:31  Probe  
  95  9:33  Probe  
  96  9:43  Probe x2  
  98  9:58  Probe x2  
  98  9:59  Probe  
  101  10:02  Assimilator  
  101  10:04  Assimilator  
  101  10:11  Probe  
  101  10:12  Probe  
  101  10:14  Probe  
  110  10:23  Probe  
Show
View Real Time Build Order
Export as new Build Order

Massa Terran - Winner!

Build Orders:  

Get SALT Encoding   

  12  0:00  SCV  
  13  0:12  SCV  
  14  0:23  Supply Depot  
  14  0:25  SCV  
  15  0:31  Refinery  
  15  0:45  SCV  
  15  0:46  Barracks  
  16  0:57  Supply Depot  
  16  1:07  Supply Depot  
  16  1:09  SCV  
  17  1:21  SCV  
  18  1:33  Reaper  
  18  1:38  Orbital Command  
  19  2:05  Reaper  
  19  2:08  SCV  
  21  2:19  Command Center  
  20  2:59  Barracks Reactor  
  20  3:13  Command Center  
  20  3:15  Refinery  
  20  3:20  SCV  
  20  3:26  Barracks  
  21  3:32  SCV  
  21  3:33  Factory  
  22  3:34  Orbital Command  
  22  3:38  Marine x2  
  24  3:44  SCV  
  25  3:56  SCV, Marine x2  
  28  4:13  SCV x2  
  29  4:17  Barracks Tech Lab  
  29  4:21  Barracks  
  29  4:25  SCV  
  29  4:26  Marine  
  29  4:27  Bunker, Marine  
  29  4:29  Factory Tech Lab  
  32  4:35  Starport  
  32  4:37  Orbital Command  
  32  4:41  SCV x2  
  32  4:44  Marine x2  
  36  4:50  Engineering Bay  
  36  4:53  SCV  
  36  4:56  SCV  
  38  5:00  Siege Tank  
  38  5:05  SCV, Marine x2  
  44  5:08  SCV, Stimpack  
  44  5:12  Barracks Reactor  
  45  5:18  SCV x2  
  45  5:21  SCV  
  48  5:22  Missile Turret  
  48  5:27  Missile Turret  
  48  5:30  SCV x2  
  48  5:33  SCV  
  48  5:35  Medivac  
  53  5:42  SCV x2  
  55  5:45  SCV  
  56  5:51  Refinery x2  
  56  5:53  Missile Turret  
  56  5:57  Marine, Missile Turret  
  56  5:58  Marine x3  
  56  6:03  Siege Tank  
  63  6:04  Liberator  
  63  6:05  Marauder  
  63  6:25  Marine x4  
  64  6:26  Marauder  
  69  6:35  Barracks  
  69  6:47  Combat Shield  
  69  6:50  Supply Depot x2  
  69  6:53  Supply Depot  
  69  7:11  Marine x2  
  69  7:12  SCV x2, Marauder, Orbital Command  
  69  7:15  Supply Depot  
  62  7:16  Supply Depot x2  
  62  7:20  Medivac  
  64  7:24  SCV x2, Siege Tank  
  64  7:26  Marine x2  
  71  7:33  Marauder  
  71  7:36  SCV x2  
  75  7:46  SCV  
  75  7:48  SCV x2  
  75  7:50  Medivac  
  80  7:58  Siege Tank  
  83  8:06  Concussive Shells  
  83  8:07  SCV x3  
  86  8:13  Terran Infantry Weapons Level 1, Missile Turret  
  86  8:16  Armory  
  86  8:18  Engineering Bay  
  86  8:19  SCV x3  
  89  8:22  Armory  
  89  8:27  Starport Reactor, Missile Turret  
  89  8:31  SCV x2  
  89  8:32  SCV  
  89  8:33  Refinery  
  92  8:35  Refinery  
  92  8:43  SCV x2  
  92  8:44  SCV, Marauder, Marine  
  92  8:45  Marine x3  
  92  8:48  Barracks Reactor  
  101  8:54  Missile Turret  
  101  9:02  Marine x2  
  102  9:03  Marine x2  
  102  9:06  Marauder  
  107  9:15  Missile Turret  
  107  9:20  Marine x2  
  107  9:21  Marine x2  
  107  9:23  Command Center  
  111  9:27  Marauder, Command Center, Medivac x2  
  117  9:40  Supply Depot x2  
  117  9:42  Supply Depot x2  
  117  9:43  Supply Depot  
  117  9:45  Supply Depot  
  117  10:01  Marine x3  
  117  10:02  SCV x3, Marauder, Marine x3, Medivac  
  130  10:14  SCV x3  
  133  10:19  Marine x3  
  133  10:20  Marine x3  
  114  10:24  Marauder  
  114  10:26  SCV x3  
Tags
 
Add a new tag
Caveats
  • Supply blocks, unpowered buildings, or Contaminate may cause inaccurate times.
  • Supply counts are checked every 10 seconds.